 Dungeon Crawl Stone Soup version 0.14-a0-2746-g43b4f9c (webtiles) character file.

1007 Neoxx the Cutter (level 8, -6/50 HPs)
             Began as a Formicid Hunter on Feb 22, 2014.
             Was an Initiate of Nemelex Xobeh.
             Splashed by a jelly's acid (9 damage)
             ... on Level 5 of the Dungeon.
             The game lasted 00:17:19 (5337 turns).

Neoxx the Cutter (Formicid Hunter)                  Turns: 5337, Time: 00:17:19

HP  -6/50        AC  5     Str 18      XL: 8   Next: 33%
MP   8/8         EV 12     Int 10      God: Nemelex Xobeh [......]
Gold 223         SH  0     Dex 13      Spells:  0 memorised,  7 levels left

rFire  + . .     SeeInvis +     a - +0 orc dagger
rCold  . . .     Clarity  .     t - +0 orc leather armour {rF+}
rNeg   . . .     Conserve .     (no shield)
rPois  .         rCorr    .     (helmet unavailable)
rElec  .         rRot     .     j - +0 cloak
SustAb . .       Spirit   .     (no gloves)
rMut   .         Warding  .     (no boots)
Saprov . . .     Stasis   +     (no amulet)
MR     .....                    k - +1 ring of evasion
                                z - ring of poison resistance

@: not resistant to hostile enchantments, quite stealthy
A: permanent stasis, dig shafts and tunnels, four strong arms, poison weakness,
antennae 3, talons 1, exoskeleton 1
a: Dig, Shaft Self, Renounce Religion


You were on level 5 of the Dungeon.
You worshipped Nemelex Xobeh.
Nemelex Xobeh was noncommittal.
You were hungry.

You visited 1 branch of the dungeon, and saw 5 of its levels.

You collected 223 gold pieces.

Inventory:

Hand weapons
 a - a +0,+0 orcish dagger (weapon)
 b - a +0,+0 dwarven short sword
 h - a +0,+0 dwarven short sword
Missiles
 e - a throwing net [frayed] (quivered)
 u - 13 stones
 x - 22 darts
Armour
 j - a +0 cloak (worn)
 t - a +0 orcish leather armour of fire resistance (worn)
Magical devices
 g - a wand of digging (14)
Comestibles
 f - 4 bread rations
 I - a meat ration
Scrolls
 l - a scroll of fog
 m - a scroll of identify {unknown}
 o - a scroll of remove curse
 s - a scroll of curse weapon {unknown}
 y - a scroll of magic mapping {unknown}
 F - a scroll of fear
 G - 2 scrolls of enchant armour {unknown}
Jewellery
 k - a +1 ring of evasion (right hand)
 z - a ring of poison resistance (left hand)
Potions
 p - a potion of confusion
 r - 2 potions of curing
 v - a potion of magic
 H - a potion of heal wounds
Carrion
 d - a rotting adder corpse


   Skills:
 - Level 2.0 Fighting
 + Level 7.7 Short Blades
 - Level 3.2 Throwing
 - Level 1.7 Dodging
 - Level 6.1 Stealth


You had 7 spell levels left.
You didn't know any spells.

Dungeon Overview and Level Annotations

Branches:
Dungeon (5/16)             Temple (0/1) D:4

Altars:
Kikubaaqudgha
Makhleb
Nemelex Xobeh
The Shining One


Innate Abilities, Weirdness & Mutations

Your are under a permanent stasis effect.
You can dig through walls and to a lower floor.
Your four strong arms can wield any weapon, most with a shield.
You are susceptible to poison.
You have a pair of large antennae on your head (SInv).
Your body is surrounded by an exoskeleton. (AC +1)
You have sharp toenails.


Message History

You hit the jelly. You claw the jelly.
The jelly is moderately wounded.
The orc wizard struggles against the net.
The orc hits you with a runed orcish hand axe.
You are electrocuted!
* * * LOW HITPOINT WARNING * * *
You hear a slurping noise.
The jelly hits you but does no damage.
You hit the jelly.
The acid corrodes your +0,+1 orcish dagger!
Your kick misses the jelly.
The jelly is lightly wounded.
You hit the jelly but do no damage. You claw the jelly, but do no damage.
The jelly is lightly wounded.
The orc wizard struggles against the net.
The orc hits you but does no damage. The jelly hits you.
* * * LOW HITPOINT WARNING * * *
You are splashed with acid!
The acid burns!
You die...
Your body disappears without a glow.

#...#..## #####...#..#
.### ####..........##
..o.{.###................
#......# #...........#
#.###..# #####...#.###
..##.###..### #...#....
#......Jo...# #...#####
..#..###.o@.#.# #...#
.... ###....#.# ##.### #
.....#.#......#####.....
.......#....##..........#
...............#####....#
....#####.##....# #.. ..#
#.##.#..# #.# #.#
#.......###.###.####
###...#..#..........


You could see a jelly, an orc wizard (caught) and an orc.

Vanquished Creatures
  Edmund (D:5)
  An ice beast (D:5)
  2 ogres
  Blork the orc (D:5)
  A crimson imp (D:5)
  A hound (D:4)
  An orc wizard (D:5)
  Natasha (thrice) (D:5)
  2 worker ants (D:4)
  Ijyb (D:4)
  6 adders
  3 worms
  An ooze (D:4)
  7 orcs
  2 giant cockroaches
  8 hobgoblins
  5 kobolds
  4 quokkas
  10 bats
  4 giant geckos
  A giant gecko skeleton (D:4)
  A giant newt (D:2)
  10 goblins
  A goblin skeleton (D:3)
  8 jackals (D:1)
  A quokka skeleton (D:5)
  3 rats
89 creatures vanquished.

Notes
Turn   | Place    | Note
--------------------------------------------------------------
     0 | D:1      | Neoxx, the Formicid Hunter, began the quest for the Orb.
     0 | D:1      | Reached XP level 1. HP: 14/14 MP: 1/1
    65 | D:1      | Reached XP level 2. HP: 17/19 MP: 2/2
   494 | D:1      | Reached XP level 3. HP: 6/24 MP: 3/3
  1049 | D:2      | Found a sparkling altar of Nemelex Xobeh.
  1055 | D:2      | Became a worshipper of Nemelex Xobeh
  1216 | D:2      | Reached skill level 4 in Stealth
  1468 | D:2      | Reached XP level 4. HP: 18/29 MP: 4/4
  2236 | D:3      | Found a burning altar of Makhleb.
  2439 | D:3      | Reached XP level 5. HP: 17/34 MP: 5/5
  2717 | D:3      | Found a glowing golden altar of the Shining One.
  2803 | D:3      | Reached skill level 5 in Stealth
  2968 | D:3      | Found an ancient bone altar of Kikubaaqudgha.
  3475 | D:4      | Noticed Ijyb
  3489 | D:4      | Killed Ijyb
  3535 | D:4      | Reached skill level 6 in Stealth
  3557 | D:4      | Found a staircase to the Ecumenical Temple.
  3849 | D:4      | Reached XP level 6. HP: 6/39 MP: 6/6
  4546 | D:4      | Noticed an ogre
  4550 | D:4      | Killed an ogre
  4550 | D:4      | Reached XP level 7. HP: 45/45 MP: 7/7
  4746 | D:5      | Entered Level 5 of the Dungeon
  4755 | D:5      | Noticed Blork the orc
  4761 | D:5      | Killed Blork the orc
  4761 | D:5      | Reached skill level 5 in Short Blades
  4823 | D:5      | Noticed Natasha
  4825 | D:5      | Killed Natasha
  5015 | D:5      | Noticed Edmund
  5022 | D:5      | Noticed Natasha
  5037 | D:5      | Killed Natasha
  5095 | D:5      | Gained mutation: You are robust (+10% HP). [potion of mutation]
  5095 | D:5      | Lost mutation: You are robust (+10% HP). [potion of mutation]
  5095 | D:5      | Gained mutation: You have sharp toenails. [potion of mutation]
  5135 | D:5      | Killed Edmund
  5139 | D:5      | Noticed Natasha
  5148 | D:5      | Killed Natasha
  5248 | D:5      | Reached skill level 7 in Short Blades
  5248 | D:5      | Reached XP level 8. HP: 50/50 MP: 8/8
  5337 | D:5      | Splashed by a jelly's acid

Action                   |  1- 3 |  4- 6 |  7- 9 || total
-------------------------+-------+-------+-------++-------
Melee: Short sword       |   170 |   221 |    29 ||   420
       Dagger            |       |    14 |    28 ||    42
Throw: Large rock        |     3 |    36 |    26 ||    65
       Dart              |       |     7 |       ||     7
       Throwing net      |       |     2 |     5 ||     7
 Abil: Dig               |     7 |     3 |     5 ||    15
  Use: Scroll            |       |     4 |     2 ||     6
       Potion            |       |       |    15 ||    15
 Stab: Sleeping          |       |     4 |     1 ||     5
       Held in net/web   |       |     2 |     1 ||     3
       Distracted        |       |       |     1 ||     1
